AoeStats
← storm

Northern Isles

510712524Analyzed
1v1 RM · 16h ago on Oct 2, 2026· 15m 24s· 2 players
Game mode
Random Map
Map size
Tiny (2 player)
Population
200
Speed
Normal
Resources
Standard
Victory
Conquest
Starting age
Dark Age
Ending age
Imperial Age
RankedLock teamsTeams togetherTeam positionsShared explorationLock speedFull tech treeHidden civsTurbo modeCheats
Victory
Defeat
🇰🇿 Wu · Kazakhstan
935
+17
🇨🇳 Dravidians · China
966
-17
弼马温
11:41 Feudal Age
11:01 Loom
storm
10:26 Feudal Age
15:05 Castle Age
12:58 Double-Bit Axe
13:52 Fishing Lines
14:10 Fletching
16:14 Bow Saw
Connection lost

Rejoining the realm…

Still unreachable

The connection could not be restored.

Session expired

The server has moved on; the page needs a fresh start.